 Dungeon Crawl Stone Soup version 0.31-a0-187-gba352fbbf7 (webtiles) character file.

Game seed: 15478632594123472906

15142 rabbitsville the Fighter (level 12, -13/105 HPs)
             Began as a Hill Orc Fire Elementalist on June 23, 2023.
             Was a Priest of Hepliaklqana.
             Mangled by a minotaur
             ... wielding the +8 trishula "Condemnation" {holy, anguish, *Noise Fly rN+}
              (23 damage)
             ... in a Gauntlet.
             The game lasted 00:36:48 (11421 turns).

rabbitsville the Fighter (HOFE)                    Turns: 11421, Time: 00:36:49

Health: -13/105    AC: 15    Str: 12    XL:     12   Next: 23%
Magic:  16/16      EV:  7    Int: 17    God:    Hepliaklqana [***...]
Gold:   364        SH:  0    Dex: 13    Spells: 14/17 levels left

rFire   . . .        z - +11 Singing Sword {sonic wave}
rCold   + . .        (no shield)
rNeg    . . .        S - +1 chain mail {rC+}
rPois   +            (no helmet)
rElec   .            (no cloak)
rCorr   .            M - +0 pair of gloves
SInv    .            T - +0 pair of boots of the Marlin {Slay+3}
Will    .....        (no amulet) Stlth
                     I - ring of flight
HPRegen 0.37/turn    U - ring of poison resistance
MPRegen 0.15/turn

%: no teleportation
@: flying
A: reduced essence
a: Renounce Religion, Recall Ancestor, Ancestor Identity, Transference


You were in a Gauntlet.
You worshipped Hepliaklqana.
Hepliaklqana was most pleased with you.
You visited 2 branches of the dungeon, and saw 12 of its levels.
You also visited: Gauntlet.

You collected 774 gold pieces.
You spent 410 gold pieces at shops.

Inventory:

Hand Weapons
 e - a +0 dagger
 m - a +2 dagger of protection
 z - the +11 Singing Sword (weapon) {sonic wave}
   (You found it on level 2 of the Dungeon)
 R - the +6 shillelagh "Devastator" {shatter}
   (You found it on level 9 of the Dungeon)
Missiles
 f - 7 boomerangs
 l - 9 poisoned darts
 D - 2 throwing nets
Armour
 a - a +0 robe
 B - a +0 chain mail
 E - a +0 pair of boots
 M - a +0 pair of gloves (worn)
 S - a +1 chain mail of cold resistance (worn)
 T - the +0 pair of boots of the Marlin (worn) {Slay+3}
   (You bought it in a shop on level 10 of the Dungeon)

   Slay:      It affects your accuracy & damage with ranged weapons and melee
   (+3).
Jewellery
 I - a ring of flight (left hand)
 U - a ring of poison resistance (right hand)
 W - a ring of protection from fire
Wands
 r - a wand of digging (9)
 G - a wand of light (12)
 H - a wand of charming (19)
 N - a wand of mindburst (12)
 O - a wand of flame (13)
Scrolls
 c - 7 scrolls of poison
 g - 2 scrolls of teleportation
 h - 2 scrolls of fear {unknown}
 i - 3 scrolls of enchant weapon
 n - 3 scrolls of vulnerability
 t - 3 scrolls of summoning
 y - a scroll of noise {unknown}
 A - a scroll of acquirement {unknown}
 J - a scroll of brand weapon {unknown}
 P - a scroll of revelation {unknown}
 Q - 3 scrolls of amnesia
 V - a scroll of fog {unknown}
Potions
 b - 2 potions of magic
 d - 3 potions of heal wounds
 j - 4 potions of mutation
 k - 6 potions of curing
 p - a potion of might {unknown}
 q - a potion of cancellation {unknown}
 s - 2 potions of berserk rage
 u - 2 potions of lignification
 v - 2 potions of enlightenment
 w - 2 potions of haste
 x - 2 potions of attraction
 C - 2 potions of experience {unknown}
 F - 2 potions of brilliance {unknown}
 L - a potion of ambrosia {unknown}


   Skills:
 * Level 14.1 Fighting
 * Level 13.1 Long Blades
 + Level 9.3 Armour
 - Level 1.5 Dodging
 - Level 1.5 Stealth
 - Level 3.1 Spellcasting
 - Level 1.0 Conjurations
 - Level 4.3 Fire Magic


You had 14 spell levels left.
You knew the following spells:

 Your Spells              Type           Power      Damage    Failure   Level
a - Foxfire               Conj/Fire      44%        2x1d6     63%         1
b - Scorch                Fire           34%        2d6       52%         2

Your spell library contained the following spells:

 Spells                   Type           Power      Damage    Failure   Level
 Beastly Appendage        Tmut           4%         N/A       94%         1
 Sandblast                Erth           4%         2d4       94%         1
 Inner Flame              Hex/Fire       10%        N/A       97%         3
 Volatile Blastmotes      Fire/Tloc      20%        2d11      97%         3
 Blink                    Tloc           4%         N/A       98%         2
 Ensorcelled Hibernation  Hex/Ice        4%         N/A       98%         2
 Passwall                 Tmut/Erth      1%         N/A       98%         2
 Poisonous Vapours        Pois/Air       4%         N/A       98%         2
 Wereblood                Tmut           2%         N/A       98%         2
 Stone Arrow              Conj/Erth      8%         3d7       99%         3
 Mephitic Cloud           Conj/Pois/Air  3%         N/A       100%        3
 Portal Projectile        Hex/Tloc       4%         N/A       100%        3
 Spider Form              Tmut/Pois      2%         N/A       100%        3
 Tukima's Dance           Hex            2%         N/A       100%        3
 Anguish                  Hex/Necr       1%         N/A       100%        4
 Animate Dead             Necr           2%         N/A       100%        4
 Flame Wave               Conj/Fire      11%        2d6       100%        4
 Manifold Assault         Tloc           2%         N/A       100%        4
 Alistair's Intoxication  Tmut/Pois      1%         N/A       100%        5
 Blade Hands              Tmut           1%         N/A       100%        5
 Borgnjor's Vile Clutch   Necr/Erth      1%         N/A       100%        5
 Freezing Cloud           Conj/Ice/Air   1%         6-21      100%        5
 Eringya's Noxious Bog    Tmut/Pois      1%         N/A       100%        6
 Haunt                    Necr/Summ      1%         N/A       100%        7
 Storm Form               Tmut/Air       1%         N/A       100%        7
 Infestation              Necr           1%         N/A       100%        8


Dungeon Overview and Level Annotations

Branches:
Dungeon (11/15)            Temple (1/1) D:6             Orc (0/2) D:10
Gauntlet (1/1)
   Lair: D:8-11

Altars:
Ashenzari
Cheibriados
Dithmenos
Elyvilon
Fedhas
Gozag
Hepliaklqana
Kikubaaqudgha
Makhleb
Nemelex Xobeh
Okawaru
Qazlal
Ru
Sif Muna
Trog
Uskayaw
Vehumet
Wu Jian
Xom
Yredelemnul
Zin
The Shining One

Shops:
D:2 *   D:8 **?=*   D:10 [(   D:11 *

Annotations:
D:7 1 runed translucent door, Brisketman's ghost, novice FeTm Gauntlet 6 transporters


Message History

Ancestor HP restored.
You start resting.
HP restored.
You enter the transporter and appear at another place.
You swap places.
As you read the scroll of identify, it crumbles to dust.
w - 2 potions of haste You swap places.
A minotaur comes into view.
It is wielding the +8 trishula "Condemnation" {holy, anguish, *Noise Fly rN+} and quivering silver javelins.
The minotaur bellows!
The minotaur throws a silver javelin.
The silver javelin pierces through you but does no damage.
Aiming: Iceblast
Press: ? - help, Q - select action, (/) - cycle Shift-Dir - straight line The mass of ice explodes!
The iceblast engulfs the minotaur!
The minotaur is lightly wounded.
The minotaur throws a silver javelin.
The silver javelin pierces through you!!
Aiming: Iceblast
Press: ? - help, Q - select action, (/) - cycle Shift-Dir - straight line The mass of ice explodes!
The iceblast engulfs the minotaur!
The minotaur is lightly wounded.
The now-empty wand crumbles to dust.
The minotaur throws a silver javelin.
The silver javelin pierces through you!
You swap places.
Yadidatum casts a spell at the minotaur.
The minotaur resists with almost no effort.
The minotaur closely misses Yadidatum.
The minotaur gores Yadidatum.
Yadidatum barely misses the minotaur.
Yadidatum hits the minotaur but does no damage.
The minotaur hits Yadidatum with the +8 trishula "Condemnation" {holy, anguish, *Noise Fly rN+}!!!
Yadidatum is destroyed!
The minotaur hits you with the +8 trishula "Condemnation" {holy, anguish, *Noise Fly rN+}!!!
* * * LOW HITPOINT WARNING * * *
The minotaur gores you.
* * * LOW HITPOINT WARNING * * *
You hit the minotaur.
The minotaur is lightly wounded.
The minotaur hits you with the +8 trishula "Condemnation" {holy, anguish, *Noise Fly rN+}!!
You die...

.....≈# ......###
####..#8# ...#..###
...#..# ..(#..#####
...#..#≈8≈#
..©#..#...##########
...#..#.8.#.....@H.####
...#..#...#.######....#
...#..#.8.#.#....###..#
...#..#...#.# #....#.#
####..#...#.# ####.#.#
.....≈#.©.#.# #R#.#
.....∩#.....# #.#.#
.....≈#.©.#.# #.#.#
####..#...#.# #H#.#


You could see a minotaur.

Vanquished Creatures
  Erica (D:11)
  5 two-headed ogres
  A centaur warrior (D:9)
  A moth of wrath (Gauntlet)
  A cyclops (D:11)
  Maurice (D:8)
  Joseph (D:10)
  A gargoyle (D:9)
  A hellion (Gauntlet)
  Psyche (D:10)
  A troll (D:10)
  A hornet (D:10)
  Sigmund (D:6)
  A vampire (D:11)
  8 yaks
  3 steam dragons
  2 water moccasins
  An ice beast (D:5)
  4 orc warriors
  A black bear (D:8)
  2 ogres (D:4)
  8 centaurs
  4 wolves (Gauntlet)
  A kobold brigand (D:9)
  A bullfrog (D:9)
  2 small abominations (Gauntlet)
  A gnoll sergeant (D:9)
  5 scorpions
  16 wights
  5 howler monkeys (D:10)
  A gnoll bouda (D:7)
  5 hounds
  3 jellies
  12 orc priests
  9 orc wizards
  13 gnolls
  6 adders
  2 shadow imps
  3 worms (D:2)
  6 dart slugs
  38 orcs
  7 ball pythons
  7 bats
  9 endoplasms
  2 giant cockroaches
  7 goblins
  9 hobgoblins
  4 jackals (D:4)
  10 kobolds
  2 quokkas
  A frilled lizard (D:2)
  7 rats
245 creatures vanquished.

Vanquished Creatures (collateral kills)
  A large abomination (Gauntlet)
  A gargoyle (D:9)
  A komodo dragon (D:10)
  A yak (D:10)
  2 orc warriors (D:10)
  A wolf (Gauntlet)
  2 centaurs (D:11)
  4 small abominations (Gauntlet)
  A wight (D:9)
  An orc priest (D:10)
  9 orcs
  A kobold (D:9)
25 creatures vanquished.

Vanquished Creatures (others)
  A kobold brigand (D:9)
  A hexer (Gauntlet)
  5 ancestors
  133 foxfires
140 creatures vanquished.

Grand Total: 410 creatures vanquished

Notes
Turn   | Place    | Note
-------+----------+-------------------------------------------
     0 | D:1      | rabbitsville the Hill Orc Fire Elementalist began the quest
                  | for the Orb.
     0 | D:1      | Reached XP level 1. HP: 14/14 MP: 3/3
   104 | D:1      | Reached XP level 2. HP: 20/20 MP: 1/5
   441 | D:1      | Reached XP level 3. HP: 26/26 MP: 3/6
   601 | D:1      | Learned a level 2 spell: Scorch
   799 | D:2      | Found a faded altar of an unknown god.
  1116 | D:2      | Reached XP level 4. HP: 33/33 MP: 4/8
  1180 | D:2      | Found Vysmiakk's General Store.
  1184 | D:2      | Bought a scroll of identify for 22 gold pieces
  1341 | D:2      | Found the +11 Singing Sword {sonic wave}
  1806 | D:3      | Reached skill level 1 in Long Blades
  1806 | D:3      | Reached XP level 5. HP: 32/38 MP: 3/9
  2450 | D:3      | Reached skill level 1 in Fighting
  2465 | D:4      | Reached skill level 1 in Armour
  2553 | D:4      | Noticed an ogre
  2559 | D:4      | Killed an ogre
  2560 | D:4      | Reached skill level 2 in Fighting
  2560 | D:4      | Reached XP level 6. HP: 21/50 MP: 10/10
  2619 | D:4      | Reached skill level 3 in Fighting
  2758 | D:4      | Reached XP level 7. HP: 49/57 MP: 11/11
  2899 | D:4      | HP: 1/58 [orc wizard/+0 dagger (4)]
  2901 | D:4      | Reached skill level 4 in Fighting
  3333 | D:5      | Entered Level 5 of the Dungeon
  3748 | D:5      | Reached skill level 5 in Fighting
  3781 | D:5      | Reached skill level 5 in Long Blades
  3861 | D:5      | Reached XP level 8. HP: 47/69 MP: 12/12
  4544 | D:6      | Reached skill level 6 in Fighting
  4752 | D:6      | Found a staircase to the Ecumenical Temple.
  4767 | Temple   | Entered the Ecumenical Temple
  4951 | Temple   | Became a worshipper of Hepliaklqana the Forgotten
  5216 | D:6      | Noticed Sigmund
  5220 | D:6      | Killed Sigmund
  5371 | D:6      | Reached skill level 7 in Fighting
  5664 | D:7      | Noticed Brisketman's ghost (novice FeTm)
  5665 | D:7      | Found a runed translucent door.
  5703 | D:7      | You are sucked into a shaft and drop 1 floor!
  5723 | D:8      | Found Seapiann's Assorted Antiques.
  5786 | D:8      | Found Poinlaiv's Magic Scroll Shop.
  5789 | D:8      | Bought a scroll of identify for 30 gold pieces
  5789 | D:8      | Bought a scroll of teleportation for 45 gold pieces
  5796 | D:8      | Found Zygan's General Store.
  5846 | D:8      | Noticed a yak
  5852 | D:8      | Reached XP level 9. HP: 32/79 MP: 13/13
  5865 | D:8      | Reached skill level 8 in Fighting
  5865 | D:8      | Reached skill level 5 in Armour
  5892 | D:8      | Found Qarhanlava's Jewellery Shop.
  6026 | D:8      | Found a sacrificial altar of Ru.
  6026 | D:8      | Found a burning altar of Makhleb.
  6098 | D:8      | Reached skill level 9 in Fighting
  6108 | D:8      | Found a stormy altar of Qazlal.
  6111 | D:8      | Found a faded altar of an unknown god.
  6113 | D:8      | Found a basalt altar of Yredelemnul.
  6426 | D:7      | Reached * piety under Hepliaklqana
  6480 | D:7      | Reached XP level 10. HP: 54/80 MP: 14/14
  6949 | D:8      | Reached skill level 10 in Fighting
  7064 | D:8      | Noticed a two-headed ogre
  7087 | D:8      | Killed a two-headed ogre
  7198 | D:8      | Noticed Maurice
  7210 | D:8      | Killed Maurice
  7211 | D:8      | Reached skill level 10 in Long Blades
  7235 | D:8      | Found Poog's Assorted Antiques.
  7700 | D:9      | Reached skill level 11 in Fighting
  7809 | D:9      | Noticed a centaur warrior
  7953 | D:9      | Noticed a gargoyle
  7964 | D:9      | Killed a gargoyle
  8125 | D:9      | Noticed a gargoyle
  8131 | D:9      | Killed a gargoyle
  8164 | D:9      | Noticed a two-headed ogre
  8164 | D:9      | Found the +6 shillelagh "Devastator" {shatter}
  8165 | D:9      | Noticed a two-headed ogre
  8192 | D:9      | Killed a two-headed ogre
  8193 | D:9      | Reached XP level 11. HP: 78/93 MP: 15/15
  8193 | D:9      | Killed a two-headed ogre
  8194 | D:9      | Reached skill level 12 in Fighting
  8240 | D:9      | Noticed a two-headed ogre
  8252 | D:9      | Killed a two-headed ogre
  8390 | D:9      | Killed a centaur warrior
  8728 | D:9      | Reached ** piety under Hepliaklqana
  8729 | D:9      | Remembered your ancestor Yadidatum as a hexer
  8841 | D:10     | Entered Level 10 of the Dungeon
  9044 | D:10     | Found the +7 Kryia's mail coat {PotionHeal*2 rC+}
  9126 | D:10     | Noticed a two-headed ogre
  9133 | D:10     | Killed a two-headed ogre
  9195 | D:10     | Found Ilaiderph's Armour Emporium.
  9196 | D:10     | Found a staircase to the Orcish Mines.
  9198 | D:10     | Found Nuab's Weapon Emporium.
  9213 | D:10     | Bought the +0 pair of boots of the Marlin {Slay+3} for 313
                  | gold pieces
  9238 | D:10     | Noticed Joseph
  9247 | D:10     | Killed Joseph
  9248 | D:10     | Reached skill level 13 in Fighting
  9679 | D:10     | Noticed Psyche
  9693 | D:10     | Killed Psyche
 10473 | D:11     | Noticed a cyclops
 10478 | D:11     | Killed a cyclops
 10489 | D:11     | Noticed a skeletal warrior
 10490 | D:11     | Noticed a skeletal warrior
 10539 | D:11     | Found Beoschoyc's Bounteous Boutique.
 10542 | D:11     | Identified the +0 dagger of Mouwea {freeze, Dex+2}
 10637 | D:11     | Found a gate leading to a gauntlet.
 10640 | D:11     | Noticed Erica
 10647 | D:11     | Killed Erica
 10648 | D:11     | Reached XP level 12. HP: 80/104 MP: 16/16
 10656 | Gauntlet | Entered a Gauntlet
 10656 | Gauntlet | Found a transporter.
 10656 | Gauntlet | Found a transporter.
 10711 | Gauntlet | Found a transporter.
 10711 | Gauntlet | Found a transporter.
 10714 | Gauntlet | Found a transporter.
 10714 | Gauntlet | Found a transporter.
 10734 | Gauntlet | Found a transporter.
 10735 | Gauntlet | Reached *** piety under Hepliaklqana
 10736 | Gauntlet | Found a transporter.
 10749 | Gauntlet | Noticed a death yak
 10749 | Gauntlet | Noticed a death yak
 10750 | Gauntlet | Found a transporter.
 10750 | Gauntlet | Found a transporter.
 10750 | Gauntlet | Noticed a death yak
 10752 | Gauntlet | Noticed a death yak
 10752 | Gauntlet | Noticed a death yak
 10768 | Gauntlet | Found a transporter.
 10772 | Gauntlet | Found a transporter.
 10857 | Gauntlet | Noticed a death yak
 11081 | Gauntlet | Reached skill level 14 in Fighting
 11400 | Gauntlet | Noticed a minotaur
 11421 | Gauntlet | Mangled by a minotaur

Illustrated notes

Levels and vault maps discovered:
D:1:      shiori_arrival_oz, layout_rooms
D:2:      layout_basic, hellmonk_ecumenical_altar_lost_god, serial_shops,
          nicolae_shop_back_alley_shop, minmay_divided_ellipse
D:3:      layout_rooms
D:4:      layout_basic
D:5:      layout_layer_cave, minmay_misc_feat_tower
D:6:      layout_basic, minmay_temple_entry_proselytizer,
          dreamdust_wishing_well, uniq_sigmund
D:7:      layout_rooms, hellmonk_ghost_happy_afterlife, st_stairs_9,
          kennysheep_generic_room_12
D:8:      layout_basic, chequers_temple_overflow_minitemple, enter_ossuary_2,
          serial_shops, shop, nicolae_shop_behind_doors,
          nicolae_shop_back_alley_shop, shop, shop, uniq_maurice
D:9:      layout_basic, dilly_guarded_unrand_devastator
D:10:     nicolae_cairo_tiling_large_dashed, layout_grid_maze, orc_david_3,
          serial_rivers, chequers_serial_rivers_micro_e,
          chequers_serial_rivers_room_b, chequers_serial_rivers_room_b,
          chequers_serial_rivers_micro_c, chequers_serial_rivers_large_b,
          chequers_serial_rivers_small_3, due_unseen_surprise, uniq_joseph,
          uniq_psyche
D:11:     layout_cave_pools, lair_entry_dummy, gauntlet_entry_generic,
          minmay_stone_trees_medium, glass_columns_a,
          hangedman_abyss_or_decor_stagger, nicolae_alphabet_shops,
          led_sif_pool, uniq_lodul, uniq_erica, uniq_urug
Temple:   nicolae_temple_two_arcs
Gauntlet: gammafunk_gauntlet_hard_choice [nicolae_gauntlet_arena_blocks,
          nicolae_gauntlet_swirl, nicolae_gauntlet_arena_flowing_pool,
          nicolae_gauntlet_arena_grate_2, gammafunk_gauntlet_arena_open,
          gammafunk_gauntlet_arena_split_x, dreamdust_gauntlet_exit_labyrinth]

Skill      XL: |  1  2  3  4  5  6  7  8  9 10 11 12 |
---------------+-------------------------------------+-----
Spellcasting   | 2 3 |  3.1
Fire Magic     | 4 |  4.3
Long Blades    | 1 2 3 5 7 9 11 12 13 | 13.1
Fighting       | 2 3 5 7 9 11 13 14 | 14.1
Armour         | 1 2 3 4 6 7 9 |  9.3
Dodging        | |  1.5
Stealth        | |  1.5
Conjurations   | |  1.0

Action                     |  1- 3 |  4- 6 |  7- 9 | 10-12 || total
---------------------------+-------+-------+-------+-------++-------
  Melee: Dagger            |    26 |     7 |       |       ||    33
         Double sword      |       |    57 |   135 |   184 ||   376
         Punch             |       |     2 |     1 |     2 ||     5
  Throw: Dart              |       |     1 |       |     7 ||     8
   Cast: Foxfire           |    50 |    30 |       |       ||    80
         Scorch            |     1 |       |       |       ||     1
 Invoke: Recall Ancestor   |       |       |       |     1 ||     1
         Ancestor Life: He |       |       |       |     1 ||     1
         Ancestor Identity |       |       |       |     1 ||     1
  Evoke: Wand              |       |       |       |     2 ||     2
    Use: Potion            |       |       |     3 |       ||     3
         Scroll            |       |       |       |    11 ||    11
   Stab: Sleeping          |       |     2 |       |       ||     2
         Confused          |       |       |       |     3 ||     3
         Distracted        |       |       |       |     2 ||     2
 Armour: Robe              |     3 |    10 |       |       ||    13
         Chain mail        |       |    37 |    72 |   116 ||   225
         Skin              |       |       |     3 |       ||     3
  Dodge: Dodged            |    19 |    25 |    47 |    77 ||   168

Table legend: (Time is in decaauts)
 A = Elapsed time spent in this place.
 B = Non-inter-level travel time spent in this place.
 C = Inter-level travel time spent in this place.
 D = Time resting spent in this place.
 E = Time spent auto-exploring this place.
 F = Levels seen in this place.
 G = Mean time per level.
                   A        B        C        D        E       F      G
               +--------+--------+--------+--------+--------+-----+--------+
         Total |  11460 |  10659 |    801 |    278 |   7551 |  13 |  881.5 |
       Dungeon |  10421 |   9631 |    790 |     51 |   7284 |  11 |  947.4 |
        Temple |    277 |    266 |     11 |      0 |     85 |   1 |  277.0 |
      Gauntlet |    761 |    761 |      0 |    227 |    182 |   1 |  761.0 |
               +--------+--------+--------+--------+--------+-----+--------+

Top non-repeatable levels by time:
    D:10: 1459 daAuts
     D:9: 1440 daAuts
     D:5: 1204 daAuts
     D:8: 1170 daAuts
     D:4: 949 daAuts
     D:2: 948 daAuts
     D:6: 926 daAuts
     D:1: 774 daAuts
Gauntlet: 761 daAuts
     D:3: 745 daAuts
     D:7: 715 daAuts
  Temple: 277 daAuts
    D:11: 87 daAuts
